 Dungeon Crawl Stone Soup version 0.23.2-40-g277498a001 (webtiles) character file.

Game seed: 11673808495755109582

18 Descartes the Vexing (level 2, 0/12 HPs)
             Began as a Felid Enchanter on Sept 7, 2019.
             Slain by Natasha (9 damage)
             ... on level 2 of the Dungeon.
             The game lasted 00:01:38 (1119 turns).

Descartes the Vexing (Felid Enchanter)              Turns: 1119, Time: 00:01:38

Health: 0/12       AC:  1    Str:  4    XL:     2   Next: 51%
Magic:  6/6        EV: 18    Int: 16    God:
Gold:   115        SH:  0    Dex: 16    Spells: 2/5 levels left
                                        Lives:  0   Deaths: 0

rFire    . . .     SeeInvis +     - Unarmed
rCold    . . .     Gourm    .   (shield unavailable)
rNeg     . . .     Faith    .   (armour unavailable)
rPois    .         Spirit   .   (helmet unavailable)
rElec    .         Reflect  .   (cloak unavailable)
rCorr    .         Harm     .   (gloves unavailable)
MR       .....                  (boots unavailable)
Stlth    +++.......             (no amulet)
HPRegen  0.04/turn              (no ring)
MPRegen  0.10/turn              (no ring)

@: quick
A: very small, no armour, no weapons or thrown items, stealth, claws 1, fangs 3,
see invisible, carnivore, speed 1, shaggy fur 1, slow metabolism 1, sharp paws
a: no special abilities


You were on level 2 of the Dungeon.
You were completely stuffed.

You visited 1 branch of the dungeon, and saw 2 of its levels.

You collected 115 gold pieces.

Inventory:

Missiles
 a - 78 stones
Scrolls
 c - a scroll of teleportation {unknown}
 d - 2 scrolls of fear {unknown}
 e - 2 scrolls of magic mapping {unknown}
 f - a scroll of amnesia {unknown}
 h - a scroll of identify {unknown}
 i - 2 scrolls of remove curse {unknown}
Potions
 g - 3 potions of curing {unknown}
 k - a potion of degeneration {unknown}
Comestibles
 b - 5 rations


   Skills:
 + Level 0.6 Fighting
 + Level 2.8 Dodging
 * Level 4.3 Stealth
 + Level 1.2 Unarmed Combat
 * Level 2.2 Spellcasting
 * Level 4.7 Hexes
 * Level 0.1 Ice Magic


You had 2 spell levels left.
You knew the following spells:

 Your Spells              Type           Power        Failure   Level  Hunger
a - Corona                Hex            ###....      3%          1    #......
b - Ensorcelled Hibernat  Hex/Ice        #.....       11%         2    ###....

Your spell library contained the following spells:

 Spells                   Type           Power        Failure   Level  Hunger
 Confuse                  Hex            ###.....     9%          3    ###....
 Tukima's Dance           Hex            ###.....     9%          3    ###....
 Dazzling Spray           Conj/Hex       #.....       22%         3    ###....


Dungeon Overview and Level Annotations

Branches:
Dungeon (2/15)

Altars:

Annotations:
D:2 Natasha


Innate Abilities, Weirdness & Mutations

You cannot wear armour.
You are incapable of wielding weapons or throwing items.
Your paws allow you to move quietly. (Stealth)
You have sharp claws.
You have razor-sharp teeth.
You have supernaturally acute eyesight. (SInv)
You are carnivorous and can eat meat at any time.
You cover ground quickly.
You are covered in fur. (AC +1)
You have a slow metabolism.
Your sharp claws are effective at attacking unaware monsters.


Message History

g - 3 fizzy green potions (gained 1)
You now have 115 gold pieces (gained 9).
You open the door.
There is an open door here.
Found a stone staircase leading down.
Found a mace.
Found 6 large rocks.
Natasha, Servant of Life and Death comes into view.
A rat comes into view.
Natasha extends her claws.
Found a stone staircase leading up.
You scratch Natasha but do no damage. You bite Natasha.
Natasha is lightly wounded.
A quokka comes into view.
Natasha misses you.
You miss Natasha.
Natasha is lightly wounded.
The rat bites you. Natasha claws you!
Ouch! That really hurt!
You die...

.#..........#######.#
#.###.........)....#
.....#......######
#.# #........#
#.#.###.#...##
#.........####
##.........#
#.##.####.#
#.r@(..r..#
#.h#####..# #.. ..
.... .##.< .. #.. .
#.. ###


You could see Natasha, a quokka (wandering) and a rat.

Vanquished Creatures
  2 dart slugs (D:1)
  A giant cockroach (D:1)
  2 goblins
  2 hobgoblins (D:1)
  A bat (D:1)
  A frilled lizard (D:1)
  2 kobolds
  5 rats
16 creatures vanquished.

Notes
Turn   | Place    | Note
-------+----------+-------------------------------------------
     0 | D:1      | Descartes the Felid Enchanter began the quest for the Orb.
     0 | D:1      | Reached XP level 1. HP: 7/7 MP: 4/4
   567 | D:1      | Reached XP level 2. HP: 11/11 MP: 6/6
   650 | D:1      | Learned a level 2 spell: Ensorcelled Hibernation
  1114 | D:2      | Noticed Natasha
  1119 | D:2      | Slain by Natasha

Action                   || total
-------------------------++-------
Melee: Unarmed           ||    42
       Bite              ||     4
 Stab: Sleeping          ||     6
  Eat: Chunk             ||     8
Armor: Skin              ||     2
Dodge: Dodged            ||    25
